 Dungeon Crawl Stone Soup version 0.30-a0-1116-gebefce21f7 (webtiles) character file.

Game seed: 7902522088323512134

83 sircluck the Trooper (level 4, -3/40 HPs)
             Began as a Hill Orc Fighter on Apr 21, 2023.
             Slain by an iguana (9 damage)
             ... on level 3 of the Dungeon.
             The game lasted 00:02:42 (2274 turns).

sircluck the Trooper (Hill Orc Fighter)             Turns: 2274, Time: 00:02:42

Health: -3/40      AC:  7    Str: 20    XL:     4   Next: 44%
Magic:  4/4        EV:  9    Int:  8    God:
Gold:   209        SH:  4    Dex: 10    Spells: 3/3 levels left

rFire   . . .      SeeInvis .    a - +0 war axe
rCold   . . .      Faith    .    c - +0 buckler
rNeg    . . .      Spirit   .    b - +0 scale mail
rPois   +          Reflect  .    (no helmet)
rElec   .          Rampage  .    (no cloak)
rCorr   .                        (no gloves)
Will    .....                    (no boots) Stlth
                                 (no amulet)
HPRegen 0.26/turn                q - ring of poison resistance
MPRegen 0.09/turn                (no ring)

@: no status effects
A: no striking features
a: no special abilities


You were on level 3 of the Dungeon.
You visited 1 branch of the dungeon, and saw 3 of its levels.

You collected 209 gold pieces.

Inventory:

Hand Weapons
 a - a +0 war axe (weapon)
 m - a +1 short sword of venom
Missiles
 o - 24 stones (quivered)
 s - 5 boomerangs
Armour
 b - a +0 scale mail (worn)
 c - a +0 buckler (worn)
Jewellery
 q - a ring of poison resistance (left hand)
Scrolls
 e - a scroll of noise {unknown}
 h - 5 scrolls of teleportation {unknown}
 i - 3 scrolls of identify {unknown}
 l - a scroll of amnesia {unknown}
 p - a scroll of vulnerability {unknown}
 r - a scroll of fog {unknown}
Potions
 d - a potion of might
 f - a potion of ambrosia {unknown}
 g - a potion of lignification {unknown}
 j - a potion of heal wounds {unknown}
 k - a potion of mutation {unknown}
 n - 2 potions of berserk rage {unknown}
 t - a potion of cancellation {unknown}
 u - a potion of haste {unknown}


   Skills:
 + Level 4.2 Fighting
 + Level 3.9 Axes
 + Level 4.2 Armour
 + Level 0.3 Dodging
 + Level 3.7 Shields


You had 3 spell levels left.
You didn't know any spells.
Your spell library contained the following spells:

 Spells                   Type           Power      Damage    Failure   Level
 Blink                    Tloc           0%         N/A       94%         2
 Lesser Beckoning         Tloc           0%         N/A       94%         2
 Momentum Strike          Conj/Tloc      0%         3d8       94%         2
 Volatile Blastmotes      Fire/Tloc      0%         2d10      99%         3
 Fulminant Prism          Conj/Hex       0%         3d5       100%        4
 Iskenderun's Mystic Bla  Conj/Tloc      0%         2d3       100%        4
 Lee's Rapid Deconstruct  Erth           0%         3d4*      100%        5


Dungeon Overview and Level Annotations

Branches:
Dungeon (3/15)

Altars:


Message History

The iguana bites you but does no damage.
You barely miss the iguana. You block the iguana's attack.
You slash the iguana!
The iguana is severely wounded.
You block the iguana's attack. The iguana bites you!
You hit the iguana but do no damage.
The iguana is severely wounded.
The iguana bites you but does no damage.
You closely miss the iguana.
The iguana is severely wounded.
The iguana bites you!
You hit the iguana but do no damage.
The iguana is severely wounded.
The iguana misses you. The iguana barely misses you.
You barely miss the iguana.
The iguana is severely wounded.
The iguana bites you!
* * * LOW HITPOINT WARNING * * *
You are too injured to fight recklessly!
You are too injured to fight recklessly!
You are too injured to fight recklessly!
You are too injured to fight recklessly!
You are too injured to fight recklessly!
You are too injured to fight recklessly!
You are too injured to fight recklessly!
You are too injured to fight recklessly!
You closely miss the iguana.
The iguana is severely wounded.
You block the iguana's attack.
You closely miss the iguana.
The iguana is severely wounded.
The iguana closely misses you. The iguana bites you!
* * * LOW HITPOINT WARNING * * *
You hit the iguana.
The iguana is almost dead.
You block the iguana's attack.
You closely miss the iguana.
The iguana is almost dead.
The iguana bites you!
You die...

......# ......# ###
......# ###.. ......#
#..? ##.#### ##.# #.#
####..####... #.###
####.....>......
##...####......#.####..
.......##....#.#@#
...........###.#l#
......###..# #.#.#
####### #..# #.#.#
..... ..># #.#.# #####
###.# #.#.# #.# ... .#
##. ..


You could see an iguana.

Vanquished Creatures
  2 adders (D:2)
  2 worms
  A dart slug (D:3)
  6 orcs (D:3)
  3 bats
  6 endoplasms
  2 giant cockroaches (D:1)
  2 goblins (D:1)
  3 hobgoblins
  3 quokkas
  8 ball pythons
  3 frilled lizards (D:1)
  3 kobolds
  9 rats
53 creatures vanquished.

Notes
Turn   | Place    | Note
-------+----------+-------------------------------------------
     0 | D:1      | sircluck the Hill Orc Fighter began the quest for the Orb.
     0 | D:1      | Reached XP level 1. HP: 19/19 MP: 1/1
   104 | D:1      | Reached XP level 2. HP: 27/27 MP: 2/2
   606 | D:1      | Reached XP level 3. HP: 28/33 MP: 3/3
  1956 | D:3      | Reached XP level 4. HP: 33/40 MP: 4/4
  2274 | D:3      | Slain by an iguana

Illustrated notes

Levels and vault maps discovered:
D:1:      roderic_octagonal_star, layout_loops_ring
D:2:      layout_basic, minmay_tripent
D:3:      layout_basic, overflow_temple_1_default, lightli_corner_chamber

Skill      XL: |  1  2  3  4 |
---------------+-------------+-----
Fighting       | 4 |  4.2
Axes           | 3 |  3.9
Armour         | 4 |  4.2
Dodging        | |  0.3
Shields        | |  3.7

Action                     |  1- 3 |  4- 6 || total
---------------------------+-------+-------++-------
  Melee: War axe           |    95 |    50 ||   145
 Armour: Scale mail        |    41 |    11 ||    52
  Dodge: Dodged            |    50 |    24 ||    74
  Block: Buckler           |    14 |    10 ||    24

Table legend: (Time is in decaauts)
 A = Elapsed time spent in this place.
 B = Non-inter-level travel time spent in this place.
 C = Inter-level travel time spent in this place.
 D = Time resting spent in this place.
 E = Time spent auto-exploring this place.
 F = Levels seen in this place.
 G = Mean time per level.
                   A        B        C        D        E       F      G
               +--------+--------+--------+--------+--------+-----+--------+
         Total |   2327 |   2210 |    117 |      0 |   1801 |   3 |  775.7 |
       Dungeon |   2327 |   2210 |    117 |      0 |   1801 |   3 |  775.7 |
               +--------+--------+--------+--------+--------+-----+--------+

Top non-repeatable levels by time:
     D:2: 1042 daAuts
     D:1: 941 daAuts
     D:3: 343 daAuts
